 Dungeon Crawl Stone Soup version 0.21.1-1-g345015f (webtiles) character file.

419 tidbits the Grave Robber (level 6, -6/66 HPs)
             Began as a Gnoll Necromancer on June 20, 2018.
             Killed from afar by a steam dragon (22 damage)
             ... with a ball of steam
             ... on level 6 of the Dungeon.
             The game lasted 00:08:36 (851 turns).

tidbits the Grave Robber (Gnoll Necromancer)         Turns: 851, Time: 00:08:37

Health: -6/66      AC:  2    Str: 14 (15) XL:     6   Next: 93%
Magic:  3/14       EV: 14    Int: 17 (19) God:
Gold:   161        SH:  4    Dex: 14 (16) Spells: 7/15 levels left

rFire    . . .     SeeInvis .   a - +2 broad axe
rCold    . . .     Gourm    .   D - +0 buckler
rNeg     . . .     Faith    .   f - +0 robe
rPois    .         Spirit   .   (no helmet)
rElec    .         Reflect  .   (no cloak)
rCorr    .         Harm     .   (no gloves)
MR       .....                  (no boots)
Stlth    ..........             (no amulet)
HPRegen  0.21/turn              u - +3 ring of slaying
MPRegen  0.14/turn              (no ring)

@: berserking, very quick
A: distributed training, fangs 1, strong nose
a: no special abilities


You were on level 6 of the Dungeon.
You were not hungry.

You visited 1 branch of the dungeon, and saw 6 of its levels.

You collected 161 gold pieces.

Inventory:

Hand Weapons
 a - a +2 broad axe (weapon)
 h - a +0 short sword
 i - a +0 morningstar
 l - a +0 dagger
 m - a +0 spear
Armour
 d - the +5 chain mail of Disguise {Str+2 Dex+3, unknown}
   (You found it on level 5 of the Dungeon)

   It affects your strength (+2).
   It affects your dexterity (+3).
 f - a +0 robe (worn)
 D - a +0 buckler (worn)
Jewellery
 u - a +3 ring of slaying (left hand)
   (You found it on level 6 of the Dungeon)
Wands
 s - a wand of flame (35)
Scrolls
 g - a scroll of immolation
 n - 2 scrolls of amnesia
 r - a scroll of remove curse
 v - a scroll of enchant armour {unknown}
Potions
 e - a potion of degeneration
 k - a potion of curing
 p - 2 potions of flight
 q - 2 potions of invisibility
 t - a potion of agility
Books
 b - a book of Necromancy

   Spells                             Type                      Level
   a - Pain                           Necromancy                   1
   b - Animate Skeleton               Necromancy                   1
   c - Vampiric Draining              Necromancy                   3
   d - Regeneration                   Charms/Necromancy            3
   e - Animate Dead                   Necromancy                   4
   f - Borgnjor's Vile Clutch         Necromancy/Earth             5
 o - a book of Changes
   (You found it on level 3 of the Dungeon)

   Spells                             Type                      Level
   a - Beastly Appendage              Transmutation                1
   b - Sticks to Snakes               Transmutation                2
   c - Spider Form                    Transmutation/Poison         3
   d - Ice Form                       Ice/Transmutation            4
   e - Blade Hands                    Transmutation                5
Comestibles
 c - 7 rations


   Skills:
 + Level 2.1 Fighting
 + Level 2.1 Short Blades
 + Level 2.1 Long Blades
 + Level 2.1 Axes
 + Level 2.1 Maces & Flails
 + Level 2.1 Polearms
 + Level 2.1 Staves
 + Level 2.1 Slings
 + Level 2.1 Bows
 + Level 2.1 Crossbows
 + Level 2.1 Throwing
 + Level 2.1 Armour
 + Level 5.0 Dodging
 + Level 4.7 Stealth
 + Level 2.1 Shields
 + Level 2.1 Unarmed Combat
 + Level 5.4 Spellcasting
 + Level 1.7 Conjurations
 + Level 1.7 Hexes
 + Level 1.7 Charms
 + Level 1.7 Summonings
 + Level 7.3 Necromancy
 + Level 1.7 Translocations
 + Level 1.7 Transmutations
 + Level 1.7 Fire Magic
 + Level 1.7 Ice Magic
 + Level 1.7 Air Magic
 + Level 1.7 Earth Magic
 + Level 1.7 Poison Magic
 + Level 2.3 Invocations
 + Level 2.1 Evocations


You had 7 spell levels left.
You knew the following spells:

 Your Spells              Type           Power        Failure   Level  Hunger
a - Pain                  Necr           ####         1%          1    None
d - Vampiric Draining     Necr           ####......   2%          3    ##.....
n - Animate Skeleton      Necr           N/A          1%          1    None
r - Regeneration          Chrm/Necr      ###.......   8%          3    ##.....


Dungeon Overview and Level Annotations

Branches:
Dungeon (6/15)
 Temple: D:4-7

Altars:
Zin

Shops:
D:6 :

Annotations:
D:5 exclusion: 2 wights


Innate Abilities, Weirdness & Mutations

Your experience applies equally to all skills.
You have very sharp teeth.
Your uncanny sense of smell can sniff out nearby items.


Message History

Press: ? - help, Shift-Dir - straight line, f/p - giant cockroach
Aim: a giant cockroach (severely wounded, chance to defeat MR: 93%)
The giant cockroach writhes in agony!
You kill the giant cockroach!
Casting: Pain
Confirm with . or Enter, or press ? or * to list all spells.
Aiming: Pain
Press: ? - help, Shift-Dir - straight line, f - adder
Aim: an adder (chance to defeat MR: 89%)
The adder writhes in agony!
Casting: Pain
Confirm with . or Enter, or press ? or * to list all spells.
Aiming: Pain
Press: ? - help, Shift-Dir - straight line, f/p - adder
Aim: an adder (severely wounded, chance to defeat MR: 89%)
The adder writhes in agony!
Casting: Pain
Confirm with . or Enter, or press ? or * to list all spells.
Aiming: Pain
Press: ? - help, Shift-Dir - straight line, f/p - adder
Aim: an adder (almost dead, chance to defeat MR: 89%)
The adder writhes in agony!
You hit the adder.
You kill the adder!
You see here an adder corpse.
Found 16 poisoned needles.
You see here 2 potions of invisibility.
q - 2 potions of invisibility A worker ant and a scorpion come into view.
You see here a twisted copper ring.
Casting: Pain
Confirm with . or Enter, or press ? or * to list all spells.
Aiming: Pain
Press: ? - help, Shift-Dir - straight line, f - worker ant
Aim: a worker ant (hasn't noticed you, chance to defeat MR: 89%)
The worker ant twitches its antennae in your direction.
The worker ant writhes in agony!
Casting: Pain
Confirm with . or Enter, or press ? or * to list all spells.
Aiming: Pain
Press: ? - help, Shift-Dir - straight line, f/p - worker ant
Aim: a worker ant (moderately wounded, chance to defeat MR: 89%)
The worker ant writhes in agony!
Casting: Pain
Confirm with . or Enter, or press ? or * to list all spells.
Aiming: Pain
Press: ? - help, Shift-Dir - straight line, f/p - worker ant
Aim: a worker ant (almost dead, chance to defeat MR: 89%)
The worker ant writhes in agony!
You kill the worker ant!
You feel your intelligence returning.
Unknown command.
u - a twisted copper ring Put on which piece of jewellery? (? for menu, Esc to quit)
u - a +3 ring of slaying (left hand)
Casting: Pain
Confirm with . or Enter, or press ? or * to list all spells.
Your skin crawls.
You barely miss the scorpion. The scorpion closely misses you.
The scorpion completely misses you.
You barely miss the scorpion. The scorpion stings you.
You slash the scorpion! You bite the scorpion.
The scorpion is severely wounded.
The scorpion stings you! The scorpion barely misses you.
You slash the scorpion!
You kill the scorpion!
Your skin is crawling a little less now.
You see here a scroll labeled FEFEER IMEFRILEARR.
v - a scroll labeled FEFEER IMEFRILEARR Your skin stops crawling.
Found Vuduck's Book Shoppe.
A steam dragon comes into view.
Found 17 gold pieces and a ration.
A leopard gecko and a bullfrog come into view.
The steam dragon hisses angrily.
The steam dragon breathes steam at you. The ball of steam hits you!
* * * LOW HITPOINT WARNING * * *
Casting: Regeneration
Confirm with . or Enter, or press ? or * to list all spells.
You don't know that spell.
Unknown command.
A red film seems to cover your vision as you go berserk!
You feel yourself moving faster!
You feel mighty!
The leopard gecko hisses angrily.
You feel a strong urge to attack something.
The bullfrog gives a loud, deep croak!
The steam dragon closely misses you. The steam dragon barely misses you.
You slash the steam dragon!
The steam dragon is heavily wounded.
You are engulfed in a cloud of scalding steam.
* * * LOW HITPOINT WARNING * * *
The steam dragon bites you.
* * * LOW HITPOINT WARNING * * *
The steam dragon closely misses you.
You slash the steam dragon!
The steam dragon is severely wounded.
The steam dragon breathes steam at you. The ball of steam hits you!
You die...

#........##.#
#........##.#
#........##.#####
#........#......#
#..[.....#......#
#.......##.....$#
#.......##......#
#....(..##......#
#.......##...@..#
#.......##....D.#
#.......##..§§8.#
#.............lF...
#........##.8.∩.8.#
#.........#........+
#.......#.#...8...##
#######.#.#.......#
#.#......#...


You could see a steam dragon, a bullfrog and a leopard gecko.

Vanquished Creatures
  An ice beast (D:5)
  3 scorpions
  A howler monkey (D:4)
  Natasha (D:4)
  An iguana (D:4)
  A worker ant (D:6)
  2 adders
  4 oozes
  2 dart slugs
  A leopard gecko (D:1)
  6 orcs
  5 bats
  3 giant cockroaches
  4 goblins
  A hobgoblin (D:3)
  A kobold (D:3)
  A jackal skeleton (D:4)
  2 rats (D:1)
40 creatures vanquished.

Notes
Turn   | Place    | Note
-------+----------+-------------------------------------------
     0 | D:1      | tidbits the Gnoll Necromancer began the quest for the Orb.
     0 | D:1      | Reached XP level 1. HP: 13/13 MP: 6/6
    24 | D:1      | Reached XP level 2. HP: 13/19 MP: 1/7
   111 | D:1      | Reached XP level 3. HP: 4/25 MP: 0/9
   116 | D:1      | Learned a level 3 spell: Regeneration
   120 | D:1      | Learned a level 3 spell: Vampiric Draining
   122 | D:1      | Learned a level 1 spell: Animate Skeleton
   215 | D:3      | Reached skill level 5 in Spellcasting
   430 | D:4      | Found a glowing silver altar of Zin.
   476 | D:4      | Reached skill level 1 in Invocations
   515 | D:5      | Entered Level 5 of the Dungeon
   521 | D:5      | Noticed an ice beast
   527 | D:5      | Killed an ice beast
   527 | D:5      | Reached skill level 1 in Fighting
   527 | D:5      | Reached skill level 1 in Short Blades
   527 | D:5      | Reached skill level 1 in Long Blades
   527 | D:5      | Reached skill level 1 in Axes
   527 | D:5      | Reached skill level 1 in Maces & Flails
   527 | D:5      | Reached skill level 1 in Polearms
   527 | D:5      | Reached skill level 1 in Staves
   527 | D:5      | Reached skill level 1 in Slings
   527 | D:5      | Reached skill level 1 in Bows
   527 | D:5      | Reached skill level 1 in Crossbows
   527 | D:5      | Reached skill level 1 in Throwing
   527 | D:5      | Reached skill level 1 in Armour
   527 | D:5      | Reached skill level 1 in Shields
   527 | D:5      | Reached skill level 1 in Unarmed Combat
   527 | D:5      | Reached skill level 1 in Conjurations
   527 | D:5      | Reached skill level 1 in Hexes
   527 | D:5      | Reached skill level 1 in Charms
   527 | D:5      | Reached skill level 1 in Summonings
   527 | D:5      | Reached skill level 1 in Translocations
   527 | D:5      | Reached skill level 1 in Transmutations
   527 | D:5      | Reached skill level 1 in Fire Magic
   527 | D:5      | Reached skill level 1 in Ice Magic
   527 | D:5      | Reached skill level 1 in Air Magic
   527 | D:5      | Reached skill level 1 in Earth Magic
   527 | D:5      | Reached skill level 1 in Poison Magic
   527 | D:5      | Reached skill level 1 in Evocations
   527 | D:5      | Reached XP level 4. HP: 32/32 MP: 11/11
   527 | D:5      | Reached XP level 5. HP: 37/37 MP: 12/12
   547 | D:4      | Noticed Natasha
   554 | D:4      | Killed Natasha
   643 | D:4      | Reached skill level 2 in Invocations
   643 | D:4      | Reached XP level 6. HP: 28/44 MP: 5/13
   714 | D:5      | Got a bloodstained chain mail
   753 | D:6      | Reached skill level 2 in Fighting
   753 | D:6      | Reached skill level 2 in Short Blades
   753 | D:6      | Reached skill level 2 in Long Blades
   753 | D:6      | Reached skill level 2 in Axes
   753 | D:6      | Reached skill level 2 in Maces & Flails
   753 | D:6      | Reached skill level 2 in Polearms
   753 | D:6      | Reached skill level 2 in Staves
   753 | D:6      | Reached skill level 2 in Slings
   753 | D:6      | Reached skill level 2 in Bows
   753 | D:6      | Reached skill level 2 in Crossbows
   753 | D:6      | Reached skill level 2 in Throwing
   753 | D:6      | Reached skill level 2 in Armour
   753 | D:6      | Reached skill level 5 in Dodging
   753 | D:6      | Reached skill level 2 in Shields
   753 | D:6      | Reached skill level 2 in Unarmed Combat
   753 | D:6      | Reached skill level 2 in Evocations
   756 | D:6      | Noticed a necrophage
   842 | D:6      | Found Vuduck's Book Shoppe.
   843 | D:6      | Noticed a steam dragon
   851 | D:6      | Killed from afar by a steam dragon

Skill      XL: |  1  2  3  4  5  6 |
---------------+-------------------+-----
Spellcasting   | 5 |  5.4
Invocations    | 1 2 |  2.3
Fighting       | 1 2 |  2.1
Short Blades   | 1 2 |  2.1
Long Blades    | 1 2 |  2.1
Axes           | 1 2 |  2.1
Maces & Flails | 1 2 |  2.1
Polearms       | 1 2 |  2.1
Staves         | 1 2 |  2.1
Slings         | 1 2 |  2.1
Bows           | 1 2 |  2.1
Crossbows      | 1 2 |  2.1
Throwing       | 1 2 |  2.1
Armour         | 1 2 |  2.1
Shields        | 1 2 |  2.1
Unarmed Combat | 1 2 |  2.1
Conjurations   | 1 |  1.7
Hexes          | 1 |  1.7
Charms         | 1 |  1.7
Summonings     | 1 |  1.7
Translocations | 1 |  1.7
Transmutations | 1 |  1.7
Fire Magic     | 1 |  1.7
Ice Magic      | 1 |  1.7
Air Magic      | 1 |  1.7
Earth Magic    | 1 |  1.7
Poison Magic   | 1 |  1.7
Evocations     | 1 2 |  2.1
Dodging        | 5 |  5.0
Stealth        | |  4.7
Necromancy     | |  7.3

Action                   |  1- 3 |  4- 6 || total
-------------------------+-------+-------++-------
Melee: Spear             |    22 |     2 ||    24
       Broad axe         |       |     7 ||     7
       Bite              |       |     1 ||     1
 Cast: Pain              |    34 |    43 ||    77
       Regeneration      |     2 |     1 ||     3
       Vampiric Draining |       |     1 ||     1
Evoke: Wand              |     3 |    11 ||    14
  Use: Scroll            |       |     9 ||     9
       Potion            |       |     5 ||     5
 Stab: Sleeping          |     2 |     1 ||     3
Armor: Robe              |     4 |       ||     4
Dodge: Dodged            |    18 |    27 ||    45

Table legend:
 A = Turns spent in this place as a percentage of turns spent in the entire game.
 B = Non-inter-level travel turns spent in this place as a percentage of non-inter-level travel turns spent in the entire game.
 C = Inter-level travel turns spent in this place as a percentage of turns spent in this place.
 D = Turns resting spent in this place as a percentage of non-inter-level travel turns spent in this place.
 E = Turns spent auto-exploring this place as a percentage of non-inter-level travel turns spent in this place.
 F = Non-inter-level travel turns spent in this place divided by the number of levels of this place that you've seen.
                   A       B       C       D       E      F
               +-------+-------+-------+-------+-------+----------------------
         Total | 100.0 | 100.0 |   0.0 |   0.0 |   0.0 | 141.8
       Dungeon | 100.0 | 100.0 |   0.0 |   0.0 |   0.0 | 141.8
               +-------+-------+-------+-------+-------+----------------------

Table legend:
 A = Kills in this place as a percentage of kills in entire the game.
 B = Kills by you in this place as a percentage of kills by you in the entire game.
 C = Kills by friends in this place as a percentage of kills by friends in the entire game.
 D = Other kills in this place as a percentage of other kills in the entire game.
 E = Experience gained in this place as a percentage of experience gained in the entire game.
 F = Experience gained in this place divided by the number of levels of this place that you have seen.
                   A       B       C       D       E      F
               +-------+-------+-------+-------+-------+----------------------
         Total | 100.0 | 100.0 |   N/A |   N/A | 100.0 |  99.8
       Dungeon | 100.0 | 100.0 |   N/A |   N/A | 100.0 |  99.8
               +-------+-------+-------+-------+-------+----------------------

Vault maps used:
D:1:      mrwooster_arrival_statue, st_stairs_14
D:2:      lemuel_crystal_altar
D:4:      old_standard_altar, uniq_natasha
D:5:      first_ration, uniq_grinder
D:6:      lemuel_temple_firewalk_b, serial_shops, nicolae_shop_statue_plus,
          nemelex_xobeh_ov_fountains_minmay
